 Dungeon Crawl Stone Soup version 0.30-a0-777-ga9a30cbeda (webtiles) character file.

Game seed: 8180034777605473115

21 Heoruswealwe the Caller (level 2, -1/15 HPs)
             Began as a Deep Elf Summoner on Feb 14, 2023.
             Succumbed to an adder's poison
             ... on level 2 of the Dungeon.
             The game lasted 00:10:44 (1005 turns).

Heoruswealwe the Caller (Deep Elf Summoner)         Turns: 1005, Time: 00:10:44

Health: -1/15      AC:  2    Str:  5    XL:     2   Next: 62%
Magic:  8/8        EV: 13    Int: 19    God:
Gold:   57         SH:  0    Dex: 15    Spells: 6/7 levels left

rFire   . . .      SeeInvis .    i - +0 short sword
rCold   . . .      Faith    .    (no shield)
rNeg    . . .      Spirit   .    a - +0 robe
rPois   .          Reflect  .    (no helmet)
rElec   .          Harm     .    (no cloak)
rCorr   .          Rampage  .    (no gloves)
Will    .....                    (no boots)
Stlth   ++                       (no amulet)
HPRegen 0.22/turn                (no ring)
MPRegen 0.11/turn                (no ring)

@: lethally poisoned (-1 -> -12)
A: no striking features
a: no special abilities


You were on level 2 of the Dungeon.
You visited 1 branch of the dungeon, and saw 2 of its levels.

You collected 57 gold pieces.

Inventory:

Hand Weapons
 c - a +0 dagger
 d - a +0 dagger
 e - a +0 club
 f - a +0 club
 i - a +0 short sword (weapon)
 n - a +0 dagger
 o - a +0 club
 q - a +0 whip
Missiles
 h - 8 stones
 m - 8 poisoned darts
Armour
 a - a +0 robe (worn)
 k - a +0 buckler
Scrolls
 g - a scroll of butterflies
 j - a scroll of magic mapping
 l - a scroll of teleportation
Potions
 b - a potion of magic
 p - a potion of lignification {unknown}


   Skills:
 + Level 0.0 Fighting
 + Level 0.4 Long Blades
 + Level 2.7 Dodging
 + Level 2.4 Stealth
 * Level 3.1 Spellcasting
 + Level 0.0 Conjurations
 + Level 0.6 Hexes
 * Level 4.5 Summonings
 + Level 0.1 Necromancy
 + Level 0.0 Translocations
 + Level 0.0 Transmutations
 + Level 0.4 Fire Magic
 + Level 0.0 Ice Magic
 + Level 0.0 Air Magic
 + Level 0.0 Earth Magic
 + Level 0.3 Poison Magic
 + Level 0.0 Invocations
 + Level 0.0 Evocations


You had 6 spell levels left.
You knew the following spells:

 Your Spells              Type           Power      Damage    Failure   Level
a - Summon Small Mammal   Summ           80%        N/A       2%          1

Your spell library contained the following spells:

 Spells                   Type           Power      Damage    Failure   Level
 Call Imp                 Summ           20%        N/A       3%          2
 Call Canine Familiar     Summ           20%        N/A       7%          3
 Summon Guardian Golem    Hex/Summ       12%        N/A       16%         3
 Summon Lightning Spire   Summ/Air       11%        N/A       50%         4


Dungeon Overview and Level Annotations

Branches:
Dungeon (2/15)

Altars:


Message History

The adder is heavily wounded.
The adder barely misses you.
You closely miss the adder.
The adder is heavily wounded.
The adder closely misses you.
You closely miss the adder.
The adder is heavily wounded.
The adder closely misses you.
You closely miss the adder.
The adder is heavily wounded.
The adder bites you. The adder misses you.
You miss the adder.
The adder is heavily wounded.
The adder bites you but does no damage.
You miss the adder. Your punch misses the adder.
The adder is heavily wounded.
The adder barely misses you.
You closely miss the adder.
The adder is heavily wounded.
The adder barely misses you. The adder closely misses you.
You barely miss the adder.
The adder is heavily wounded.
The adder barely misses you.
You miss the adder.
The adder is heavily wounded.
The adder bites you.
You closely miss the adder.
The adder is heavily wounded.
The adder bites you.
You are lethally poisoned!
The adder poisons you!
Okay, then.
You hit the adder.
The adder is severely wounded.
* * * LOW HITPOINT WARNING * * *
You feel sick. The adder closely misses you. The adder bites you.
* * * LOW HITPOINT WARNING * * *
You are more poisoned.
The adder poisons you!
You die...

...... ..# #..
###.....##.#.# # # #..
.......##.#.## #.#.#.#
#......##.#..#
#.#.#.####..#.#....#...
###...#..................
.......................##
................#........
..#S.@................
#†#.#####.##.#.....#
#.#.# #.##.#.###.#
#.#.#####.##.#.# #.#
#.#.##.........# #.#
#.#.##.........# #.#
..#.##.........# #.#
###.##.........# #.#
#.##.........# #.#


You could see an adder.

Vanquished Creatures
  2 goblins (D:1)
  A kobold (D:2)
  A quokka (D:2)
  A bat (D:1)
5 creatures vanquished.

Vanquished Creatures (collateral kills)
  3 bats (D:1)
  A giant cockroach (D:1)
  A goblin (D:1)
  A hobgoblin (D:1)
  2 kobolds (D:1)
  A quokka (D:1)
  3 ball pythons (D:1)
  A frilled lizard (D:1)
  A rat (D:1)
14 creatures vanquished.

Grand Total: 19 creatures vanquished

Notes
Turn   | Place    | Note
-------+----------+-------------------------------------------
     0 | D:1      | Heoruswealwe the Deep Elf Summoner began the quest for the
                  | Orb.
     0 | D:1      | Reached XP level 1. HP: 10/10 MP: 6/6
   253 | D:1      | Reached XP level 2. HP: 15/15 MP: 8/8
  1005 | D:2      | Succumbed to an adder's poison

Illustrated notes

Levels and vault maps discovered:
D:1:      amcnicky_arrival_blooded_trapdoor, layout_basic
D:2:      layout_basic, serial_shops, nicolae_shop_crystal,
          nicolae_lakefront_shop, serial_bayou_ford_a

Action                     || total
---------------------------++-------
  Melee: Short sword       ||    36
   Cast: Summon Small Mamm ||    11
    Use: Scroll            ||     3
         Potion            ||     1
   Stab: Sleeping          ||     1
 Armour: Robe              ||     8
  Dodge: Dodged            ||    42

Table legend: (Time is in decaauts)
 A = Elapsed time spent in this place.
 B = Non-inter-level travel time spent in this place.
 C = Inter-level travel time spent in this place.
 D = Time resting spent in this place.
 E = Time spent auto-exploring this place.
 F = Levels seen in this place.
 G = Mean time per level.
                   A        B        C        D        E       F      G
               +--------+--------+--------+--------+--------+-----+--------+
         Total |   1004 |   1004 |      0 |      0 |      0 |   2 |  502.0 |
       Dungeon |   1004 |   1004 |      0 |      0 |      0 |   2 |  502.0 |
               +--------+--------+--------+--------+--------+-----+--------+

Top non-repeatable levels by time:
     D:1: 918 daAuts
     D:2: 85 daAuts
